 Bloatcrawl 2 version 2.3.0-a0-58-g5e13539 (webtiles) character file.

Game seed: 9436302188576647397, levelgen mode: deterministic

52 Geeful the Skirmisher (level 3, 30/30 HPs)
             Began as an Oni Philosopher on Jan 10, 2020.
             Got out of the dungeon alive.
             The game lasted 00:06:43 (2150 turns).

Geeful the Skirmisher (Oni Philosopher)             Turns: 2150, Time: 00:06:44

Health: 30/30      AC:  5    Str: 11    XL:     3   Next: 85%
Magic:  18/18      EV: 11    Int: 27    God:
Gold:   23         SH:  0    Dex:  6    Spells: 3/6 levels left Game modifiers: None

rFire    . . .     SeeInvis .   a - staff of wizardry
rCold    . . .     Gourm    .   (no shield)
rNeg     . . .     Faith    .   c - +0 animal skin
rPois    .         Spirit   .   b - +3 hat of Pondering {ponderous, MR+ MP+10 Int+5}
rElec    .         Reflect  .   (no cloak)
rCorr    .         Harm     .   (no gloves)
MR       +....                  (no boots)
Stlth    +++.......             (no amulet)
HPRegen  0.10/turn              k - ring of stealth
MPRegen  0.16/turn              (no ring)

@: slow
A: claws 1, fangs 1, horns 1, oni magic
a: no special abilities


You escaped.
You were not hungry.

You visited 1 branch of the dungeon, and saw 2 of its levels.

You collected 23 gold pieces.

Inventory:

Hand Weapons
 e - a +0 dagger
Missiles
 n - 13 poisoned darts (quivered)
Armour
 b - the +3 hat of Pondering (worn) {ponderous, MR+ MP+10 Int+5}

   It affects your intelligence (+5).
   It affects your resistance to hostile enchantments.
   It affects your magic capacity (+10).
 c - a +0 animal skin (worn)
Magical Staves
 a - an uncursed staff of wizardry (weapon)
Jewellery
 k - a ring of stealth (left claw)
Scrolls
 d - 5 scrolls of identify {unknown}
 h - a scroll of magic mapping {unknown}
 i - 3 scrolls of remove curse {unknown}
 l - a scroll of amnesia {unknown}
 m - a scroll of teleportation {unknown}
 p - a scroll of enchant weapon {unknown}
Potions
 g - 2 potions of heal wounds {unknown}
 j - a potion of magic {unknown}
Comestibles
 f - 2 rations
 o - 2 chunks of flesh


   Skills:
 + Level 2.8 Fighting
 + Level 2.4 Stealth
 + Level 2.0 Spellcasting


You had 3 spell levels left.
You knew the following spells:

 Your Spells              Type           Power        Failure   Level  Hunger
a - Confuse               Hex            ###.....     4%          3    ###....

Your spell library contained the following spells:

 Spells                   Type           Power        Failure   Level  Hunger
 Summon Butterflies       Summ           ###.....     1%          1    None


Dungeon Overview and Level Annotations

Branches:
Dungeon (2/15)

Altars:


Innate Abilities, Weirdness & Mutations

You have sharp fingernails.
You have very sharp teeth.
You have a pair of small horns on your head.
You learn spells by gaining experience, not through books or religion.
You only train spellcasting to practice magic.


Message History

There is an open door here.
You open the door.
There is an open door here.
Found a rapier.
(D) Dungeon
Where to? (Enter - D:2, ? - help)
There is an open door here.
There is an open door here.
There is an open door here.
There is a stone staircase leading up here.
You climb upwards.
There is a stone staircase leading down here.
(D) Dungeon
Where to? (Enter - D:1, ? - help)
Okay, then.
You see here a dagger.
There is an open door here.
There is a staircase leading out of the dungeon here.
Are you sure you want to leave the Dungeon?
This will make you lose the game!
You have escaped!

##.##.# ####.#### ####.###
##..#.# #.......## #...#
###.#.####### ##..#.#...# #...#
###.#.##....###8'8###...# #...#
...........##≈≈≈.≈≈≈##..# #...##
###.##....##≈≈≈.P.≈≈≈##.####...#.
#.##...##≈≈P..8..P≈≈##...).....
#.##...#≈≈≈.......≈≈≈#....)....
###.##...#≈P.8..@?.8.P≈#.........
....##...#≈≈≈.......≈≈≈####....#.
######...##≈≈P..8..P≈≈### #....#.
# ####.##≈≈≈.P.≈≈≈##.###)...#. #
#.(##≈≈≈≈≈≈≈##..##....... #
#...#########...##....(.. #####
#.### #.###.###.##......[
....#####.#####............##...#
###.................##.#........(


There were no monsters in sight!

Vanquished Creatures
  2 dart slugs
  5 leopard geckos
  A giant cockroach (D:1)
  6 goblins (D:1)
  4 hobgoblins (D:1)
  5 jackals (D:1)
  5 bats
  3 frilled lizards (D:1)
  4 kobolds (D:1)
  6 rats
41 creatures vanquished.

Notes
Turn   | Place    | Note
-------+----------+-------------------------------------------
     0 | D:1      | Geeful the Oni Philosopher began the quest for the Orb.
     0 | D:1      | Reached XP level 1. HP: 17/17 MP: 14/14
   389 | D:1      | Reached XP level 2. HP: 16/24 MP: 6/6
  1093 | D:1      | Reached XP level 3. HP: 11/30 MP: 7/7
  2150 | D:$      | Got out of the dungeon alive.

Levels and vault maps discovered:
D:1:      lightli_arrival_statuegarden, layout_loops_cross,
          minmay_tiny_reverse_x
D:2:      layout_basic, overflow_temple_1_default

Skill      XL: |  1  2  3 |
---------------+----------+-----
Stealth        | 2 |  2.4
Spellcasting   | 2 |  2.0
Fighting       | |  2.8

Action                   || total
-------------------------++-------
Melee: Staff             ||   188
       Headbutt          ||    23
       Bite              ||     5
 Cast: Confuse           ||    36
 Stab: Confused          ||     3
       Sleeping          ||     1
  Eat: Chunk             ||     8
Armor: Animal skin       ||    92
Dodge: Dodged            ||   165

Table legend:
 A = Non-vault XP
 B = Vault XP
 C = Vault XP percentage of total XP
 D = Non-vault monster count
 E = Vault monster count
 F = Vault count percentage of total count
                 A         B        C        D         E       F
            +---------+---------+-------+---------+---------+-------
      Total |      71 |       4 |   5.3 |      39 |       2 |   4.9
            +---------+---------+-------+---------+---------+-------
        D:1 |      62 |       4 |   6.1 |      35 |       2 |   5.4
        D:2 |       9 |       0 |   0.0 |       4 |       0 |   0.0
            +---------+---------+-------+---------+---------+-------
